 Dungeon Crawl Stone Soup version 0.25-a0-523-g9afb2ee040 (webtiles) character file.

Game seed: 12658720792822329933, levelgen mode: deterministic

6427 Flugslaktarn the Cleaver (level 10, -3/92 HPs)
             Began as a Deep Dwarf Fighter on Feb 18, 2020.
             Was an Elder of Makhleb.
             Killed by divine providence
             ... invoked by an orc priest
              (13 damage)
             ... on level 10 of the Dungeon.
             The game lasted 00:04:23 (5738 turns).

Flugslaktarn the Cleaver (Deep Dwarf Fighter)       Turns: 5738, Time: 00:04:23

Health: -3/92      AC: 16    Str: 31      XL:     10   Next: 67%
Magic:  6/11       EV:  9    Int:  7      God:    Makhleb [****..]
Gold:   510        SH: 12    Dex: 11 (12) Spells: 9/9 levels left

rFire    x . .     SeeInvis +   a - +0 war axe
rCold    + . .     Gourm    .   c - +0 kite shield
rNeg     . . .     Faith    +   o - +4 scale mail "Ecebud" {rF- Str+6 SInv}
rPois    .         Spirit   .   (no helmet)
rElec    .         Reflect  .   v - +0 cloak
rCorr    .         Harm     .   h - +0 pair of gloves
MR       +....                  m - +0 pair of boots
Stlth    ..........             f - amulet of faith
HPRegen  0.00/turn              (no ring)
MPRegen  0.12/turn              (no ring)

@: lethally poisoned (-3 -> -3), non-regenerating
A: damage resistance, heal wounds, hooves 1, cold resistance 1, dopey 1, sense
surroundings 2, strong 1, MP-powered wands, no regeneration
a: Heal Wounds, Minor Destruction, Lesser Servant of Makhleb, Major Destruction,
Renounce Religion


You were on level 10 of the Dungeon.
You worshipped Makhleb.
Makhleb was greatly pleased with you.
You were hungry.

You visited 2 branches of the dungeon, and saw 11 of its levels.
You also visited: Sewer.

You collected 510 gold pieces.

Inventory:

Hand Weapons
 a - a +0 war axe (weapon)
Missiles
 k - 2 throwing nets (quivered)
Armour
 b - a +0 scale mail
 c - a +0 kite shield (worn)
 h - a +0 pair of gloves (worn)
   (You found it on level 5 of the Dungeon)
 m - a +0 pair of boots (worn)
   (You found it on level 6 of the Dungeon)
 o - the +4 scale mail "Ecebud" (worn) {rF- Str+6 SInv}
   (You found it on level 6 of the Dungeon)

   It affects your strength (+6).
   It makes you vulnerable to fire.
   It lets you see invisible.
   If you remove this armour, your AC will decrease by 12 (16 -> 4).
 v - a +0 cloak (worn)
   (You found it on level 7 of the Dungeon)
Jewellery
 f - an amulet of faith (around neck)
   (You found it on level 4 of the Dungeon)
 p - an uncursed amulet of the gourmand {unknown}
   (You found it on level 6 of the Dungeon)
 D - an uncursed amulet of magic regeneration {unknown}
   (You found it on level 9 of the Dungeon)
Wands
 s - a wand of enslavement (1)
   (You found it on level 6 of the Dungeon)
 C - a wand of iceblast (5)
   (You took it off Psyche on level 9 of the Dungeon)
Scrolls
 g - a scroll of enchant armour
 j - 7 scrolls of remove curse
 l - 5 scrolls of enchant weapon
 r - 6 scrolls of identify
 t - 3 scrolls of teleportation
 y - a scroll of magic mapping {unknown}
 z - 4 scrolls of blinking
 E - a scroll of fear
Potions
 d - 5 potions of might
 i - 3 potions of stabbing
 n - 3 potions of flight
 q - a potion of curing
 w - a potion of heal wounds
 x - a potion of berserk rage {unknown}
 A - a potion of brilliance {unknown}
 B - a potion of degeneration {unknown}
Comestibles
 e - 9 rations
 u - 6 chunks of flesh


   Skills:
 + Level 6.9 Fighting
 * Level 10.9 Axes
 + Level 8.3 Armour
 + Level 8.2 Shields
 + Level 6.5 Invocations


You had 9 spell levels left.
You didn't know any spells.
Your spell library was empty.

Dungeon Overview and Level Annotations

Branches:
Dungeon (10/15)            Temple (1/1) D:4             Orc (0/2) D:10
  Sewer (visited)
   Lair: D:8-11

Altars:
Ashenzari
Cheibriados
Dithmenos
Fedhas
Gozag
Hepliaklqana
Kikubaaqudgha
Makhleb
Nemelex Xobeh
Okawaru
Qazlal
Ru
Trog
Vehumet
Wu Jian
Xom
Yredelemnul
Zin
The Shining One

Shops:
D:10 =


Innate Abilities, Weirdness & Mutations

You are resistant to damage.
You can heal yourself by infusing magical energy.
You passively map the area around you.
You do not regenerate.
You have large cloven feet.
Your flesh is cold resistant. (rC+)
You are dopey. (Int -2)
Your muscles are strong. (Str +2)
You expend magic power (3 MP) to strengthen your wands.


Message History

The orc priest calls down the wrath of Beogh upon you.
Pain shoots through your body!
Found 7 silver javelins.
You are feeling hungry.
The orc priest shouts!
You hear a shout!
The orc priest calls down the wrath of Beogh upon you.
Beogh smites you!
* * * LOW HITPOINT WARNING * * *
You hit the worker ant but do no damage.
The worker ant closely misses you.
The orc wizard begins to cast a cantrip, but forgets the words!
An orc comes into view. It is wielding a +0 club.
The orc priest looks satisfied for a moment.
You barely miss the worker ant. You block the worker ant's attack.
The orc priest looks satisfied for a moment.
You block the worker ant's attack.
You closely miss the worker ant. The worker ant barely misses you.
The orc priest mumbles some strange prayers to Beogh against you.
Beogh smites you!
You die...

###### * * * #.....
, * #..... , ., *
######..... ,...
##...##..... ,
,,.....########....#
##### , ,
..o.ooa@y.)...#..# #
, >
.....o######..#..##
, .(... * #.#.#..# ,
,.... * #..#.#..## #
* ,,... *#.##.##..#
# ,,,.., ..
##.#..##### , * # ,
* *#.# .##..##.. ,
.. ,* ###..##.# , **
..# ##.....


You could see a worker ant, 2 orc priests, an orc wizard, an orc and a friendly
hornet.

Vanquished Creatures
  Erica (D:8)
  Joseph (D:9)
  Maggie (D:9)
  Psyche (D:9)
  A hornet (D:10)
  A hippogriff (D:8)
  A wyvern (D:10)
  3 vampire mosquitoes (D:8)
  2 orc warriors
  3 phantoms
  An ice beast (D:7)
  5 ogres
  3 centaurs
  2 big kobolds
  5 bullfrogs
  A water moccasin zombie (D:5)
  2 scorpions (D:6)
  6 killer bees (D:10)
  2 howler monkeys (D:9)
  10 wights
  2 bullfrog zombies
  A centaur zombie (D:9)
  2 crimson imps
  2 jellies
  2 quasits
  A centaur skeleton (D:7)
  A gnoll shaman (D:7)
  An orc priest (D:8)
  2 hounds
  2 iguanas
  2 orc wizards
  3 worker ants
  A hound zombie (D:9)
  A hound skeleton (D:9)
  9 adders
  3 gnolls (D:7)
  2 shadow imps
  2 oozes (D:1)
  An adder zombie (D:7)
  A worm (D:5)
  A dart slug (D:1)
  6 leopard geckos
  22 orcs
  2 ball pythons
  4 bats
  A giant cockroach (D:5)
  6 goblins
  5 hobgoblins
  16 jackals
  2 quokkas
  A frilled lizard (D:3)
  A giant cockroach zombie (D:5)
  10 kobolds
  A leopard gecko zombie (D:8)
  14 rats
185 creatures vanquished.

Vanquished Creatures (collateral kills)
  A hydra (D:9)
  A steam dragon (D:9)
  An ice beast (D:9)
  A howler monkey (D:9)
  An adder (D:9)
5 creatures vanquished.

Grand Total: 190 creatures vanquished

Notes
Turn   | Place    | Note
-------+----------+-------------------------------------------
     0 | D:1      | Flugslaktarn the Deep Dwarf Fighter began the quest for the
                  | Orb.
     0 | D:1      | Reached XP level 1. HP: 20/20 MP: 1/1
    66 | D:1      | Reached XP level 2. HP: 24/27 MP: 2/2
   232 | D:1      | Reached skill level 3 in Axes
   233 | D:1      | Reached XP level 3. HP: 27/33 MP: 3/3
   563 | D:3      | Found a hazy altar of Hepliaklqana.
   639 | D:3      | Reached XP level 4. HP: 17/42 MP: 4/4
   806 | D:3      | Found a glowing drain.
   811 | Sewer    | Entered a sewer
   867 | Sewer    | Noticed a big kobold
   880 | Sewer    | Killed a big kobold
   880 | Sewer    | Reached skill level 4 in Axes
   880 | Sewer    | Reached XP level 5. HP: 48/49 MP: 5/5
   896 | Sewer    | Found a white marble altar of Elyvilon.
  1107 | D:4      | Found a blossoming altar of Fedhas.
  1129 | D:4      | Found a staircase to the Ecumenical Temple.
  1188 | Temple   | Entered the Ecumenical Temple
  1315 | Temple   | Became a worshipper of Makhleb the Destroyer
  1349 | D:4      | Got a faintly glowing cloak
  1355 | D:4      | Identified the +0 cloak of Wauqaree {rC++ rCorr Slay-6
                  | SInv} (You found it on level 4 of the Dungeon)
  1361 | D:4      | Found an iron altar of Okawaru.
  1497 | D:4      | Gained mutation: You tend to lose your temper in combat.
                  | [potion of mutation]
  1497 | D:4      | Gained mutation: You have large cloven feet. [potion of
                  | mutation]
  1497 | D:4      | Gained mutation: You can translocate small distances at
                  | will. [potion of mutation]
  1497 | D:4      | Gained mutation: Your flesh is cold resistant. (rC+)
                  | [potion of mutation]
  1498 | D:4      | Lost mutation: You tend to lose your temper in combat.
                  | [potion of mutation]
  1498 | D:4      | Lost mutation: You can translocate small distances at will.
                  | [potion of mutation]
  1498 | D:4      | Gained mutation: You expend magic power (3 MP) to
                  | strengthen your wands. [potion of mutation]
  1498 | D:4      | Gained mutation: You are dopey. (Int -2) [potion of
                  | mutation]
  1498 | D:4      | Gained mutation: Your muscles are strong. (Str +2) [potion
                  | of mutation]
  1610 | D:5      | Entered Level 5 of the Dungeon
  1687 | D:5      | Noticed a moth of wrath
  1690 | D:5      | Found a bloodstained altar of Trog.
  1920 | D:5      | Reached XP level 6. HP: 24/56 MP: 6/6
  2161 | D:5      | Found a stormy altar of Qazlal.
  2300 | D:5      | Reached skill level 5 in Axes
  2598 | D:6      | Reached * piety under Makhleb
  2621 | D:6      | Reached XP level 7. HP: 50/64 MP: 7/7
  2645 | D:6      | Got a fine scale mail
  2656 | D:6      | Identified the +4 scale mail "Ecebud" {rF- Str+6 SInv} (You
                  | found it on level 6 of the Dungeon)
  2758 | D:6      | Reached skill level 5 in Armour
  2758 | D:6      | Reached skill level 5 in Shields
  2826 | D:6      | Reached skill level 6 in Axes
  3175 | D:6      | Found a glowing golden altar of the Shining One.
  3549 | D:7      | Reached XP level 8. HP: 49/73 MP: 8/8
  3667 | D:7      | Reached skill level 7 in Axes
  3827 | D:7      | Found a shattered altar of Ashenzari.
  3859 | D:7      | Found an ornate altar of the Wu Jian Council.
  3862 | D:7      | Found an opulent altar of Gozag.
  3865 | D:7      | Found a glowing golden altar of the Shining One.
  4005 | D:7      | Reached ** piety under Makhleb
  4030 | D:7      | Reached skill level 5 in Fighting
  4233 | D:8      | Reached skill level 1 in Invocations
  4285 | D:8      | Noticed Erica
  4297 | D:8      | Killed Erica
  4297 | D:8      | Reached skill level 8 in Axes
  4297 | D:8      | Gained mutation: You passively map the area around you.
                  | [Deep Dwarf growth]
  4297 | D:8      | Reached XP level 9. HP: 59/81 MP: 8/10
  4404 | D:8      | Reached skill level 9 in Axes
  4449 | D:8      | Reached *** piety under Makhleb
  4568 | D:8      | Found a shimmering altar of Xom.
  4817 | D:9      | Noticed Joseph
  4833 | D:9      | Killed Joseph
  4833 | D:9      | Reached skill level 5 in Invocations
  4833 | D:9      | Reached XP level 10. HP: 57/91 MP: 12/12
  4844 | D:9      | Noticed Maggie
  4860 | D:9      | Killed Maggie
  4860 | D:9      | Reached skill level 10 in Axes
  4923 | D:9      | Noticed a four-headed hydra
  4965 | D:9      | Killed an eight-headed hydra
  5159 | D:9      | Found a radiant altar of Vehumet.
  5263 | D:9      | Noticed Psyche
  5283 | D:9      | Killed Psyche
  5541 | D:10     | Entered Level 10 of the Dungeon
  5597 | D:10     | Paralysed by a hornet for 3 turns
  5601 | D:10     | Paralysed by a hornet for 2 turns
  5611 | D:10     | Paralysed by a hornet for 3 turns
  5631 | D:10     | Found Saiz's Jewellery Emporium.
  5701 | D:10     | Reached **** piety under Makhleb
  5723 | D:10     | Paralysed by a hornet for 1 turns
  5728 | D:10     | Paralysed by a hornet for 1 turns
  5738 | D:10     | Killed from afar by an orc priest

Levels and vault maps discovered:
D:1:      dpeg_arrival_rooms_with_view, layout_basic
D:2:      layout_basic, uniq_robin
D:3:      layout_basic, nicolae_overflow_hidden_temple, first_ration,
          portal_sewer_entry_e
D:4:      layout_cave_pools, okawaru_metal_pillars_1_2, lemuel_round_altar,
          temple_fountains
D:5:      layout_loops_corners, tgw_trog, grunt_qazlal_clouds
D:6:      layout_loops_corners, tso_altar
D:7:      layout_basic, grunt_temple_overflow_cloverleaf
D:8:      layout_rooms, lemuel_doored_altar, uniq_erica
D:9:      layout_loops_ring, fiery_altar_vehumet, uniq_psyche, uniq_maggie,
          uniq_joseph
D:10:     minmay_the_grid_four_pointed_star
          [minmay_the_grid_triangle_9x9_impossible_snake,
          minmay_the_grid_triangle_9x9_tough_junction,
          minmay_the_grid_triangle_9x9_odd_lines,
          minmay_the_grid_triangle_9x9_sprig,
          minmay_the_grid_prize_diamond_cup], layout_rooms, david_orc_3,
          serial_shops, shop, hangedman_fish_farm, minmay_misc_feat_nine_boxes
Temple:   nicolae_temple_figure_zero

Skill      XL: |  1  2  3  4  5  6  7  8  9 10 |
---------------+-------------------------------+-----
Axes           | 3 4 5 6 8 9 10 | 10.9
Fighting       | 3 4 5 6 |  6.9
Armour         | 4 5 6 7 8 |  8.3
Shields        | 4 5 6 7 8 |  8.2
Invocations    | 3 5 6 |  6.5

Action                   |  1- 3 |  4- 6 |  7- 9 | 10-12 || total
-------------------------+-------+-------+-------+-------++-------
Melee: War axe           |   101 |   137 |   324 |   128 ||   690
       Kick              |       |    21 |       |       ||    21
Invok: Lesser Servant of |       |       |       |     5 ||     5
 Abil: Heal Wounds       |       |     2 |     3 |     7 ||    12
Evoke: Wand              |       |       |       |     2 ||     2
  Use: Scroll            |       |    10 |     3 |       ||    13
       Potion            |       |     2 |       |     5 ||     7
  Eat: Chunk             |       |     4 |     6 |     3 ||    13
       Ration            |       |       |     1 |       ||     1
Armor: Scale mail        |    71 |    53 |   167 |   163 ||   454
Dodge: Dodged            |    55 |    29 |   118 |    91 ||   293
Block: Kite shield       |    72 |    93 |   220 |   120 ||   505

Table legend:
 A = Non-vault XP
 B = Vault XP
 C = Vault XP percentage of total XP
 D = Non-vault monster count
 E = Vault monster count
 F = Vault count percentage of total count
                 A         B        C        D         E       F
            +---------+---------+-------+---------+---------+-------
      Total |    6833 |    2349 |  25.6 |     171 |      19 |  10.0
            +---------+---------+-------+---------+---------+-------
        D:1 |      53 |       3 |   5.4 |      24 |       2 |   7.7
        D:2 |       8 |       0 |   0.0 |       4 |       0 |   0.0
        D:3 |      61 |       0 |   0.0 |      17 |       0 |   0.0
        D:4 |      29 |       0 |   0.0 |       7 |       0 |   0.0
        D:5 |     257 |       9 |   3.4 |      14 |       5 |  26.3
        D:6 |     579 |       0 |   0.0 |       6 |       0 |   0.0
        D:7 |     968 |       0 |   0.0 |      25 |       0 |   0.0
        D:8 |    1960 |     907 |  31.6 |      39 |       1 |   2.5
        D:9 |    1665 |    1324 |  44.3 |      21 |       3 |  12.5
       D:10 |    1253 |       3 |   0.2 |      14 |       1 |   6.7
      Sewer |       0 |     103 | 100.0 |       0 |       7 | 100.0
            +---------+---------+-------+---------+---------+-------
